[Event "ESP-ch U2000 2024"]
[Site "Albacete"]
[Date "2024.08.27"]
[Round "2.1"]
[White "Gutierrez Marco, Dario"]
[Black "Martinez De Soria Gordon, Jose Manuel"]
[Result "1/2-1/2"]
[ECO "A05"]
[WhiteElo "1988"]
[BlackElo "1882"]
[Annotator "TA"]
[PlyCount "142"]
[EventDate "2024.08.27"]
[EventType "swiss"]
[EventCountry "ESP"]
[SourceTitle "playchess.com"]
[Source "ChessBase"]
[SourceQuality "1"]
[TimeControl "5400+30"]

1. Nf3 Nf6 2. g3 b6 3. Bg2 Bb7 4. b3 e5 5. d3 Be7 6. O-O d6 7. Bb2 O-O 8. e4 {[%emt 0:00:32] White has an edge.} a5 9. a4 Na6 10. Nfd2 Nc5 11. f4 Nfd7 12. fxe5 dxe5 13. Nc4 (13. Qg4 {keeps more tension.} Re8 14. Nc4 f6 15. Nba3) 13... f6 14. Bh3 Rf7 15. Ne3 (15. Qh5 {is more complex.} Qe8 16. Rf2 Nf8 17. Ba3) 15... Nf8 16. Nc3 Bc8 17. Nf5 Bxf5 (17... Ng6 $11 {keeps the balance.}) 18. Bxf5 (18. Rxf5 Nce6 $11) (18. exf5 $16 {Hoping for Bg2.} c6 19. Qe2) 18... Nce6 $11 19. Nd5 Bc5+ 20. Kg2 c6 21. Nc3 Nd4 22. Bh3 Re7 23. Ne2 Nfe6 24. c3 Nxe2 25. Qxe2 Ng5 26. Bg4 Nf7 27. Rad1 Nh6 (27... Qe8 $11) 28. Bh3 (28. d4 $16 exd4 29. cxd4) 28... Qd6 (28... Nf7 $11) 29. d4 $18 exd4 30. cxd4 Bb4 31. Qc4+ Kh8 32. e5 Qd5+ 33. Qxd5 cxd5 34. exf6 Re2+ 35. Rf2 Rxf2+ 36. Kxf2 gxf6 37. Rc1 f5 38. Rc6 Ng4+ 39. Bxg4 fxg4 $16 {[%emt 0:00:03][%mdl 4096] Endgame. [#] KRB-KRB} 40. Bc1 $1 ({Much worse is} 40. Rxb6 $6 Rc8 41. Re6 (41. Ke3 $2 Rc2 $19) 41... Kg8 $11 (41... Rc2+ 42. Re2 $14)) 40... Rf8+ {[%emt 0:01:36] [#]} 41. Ke2 $1 Rf3 42. Be3 Kg7 43. Rxb6 h5 44. Rb7+ Kg6 45. Rd7 Rf5 46. Bf4 {[%emt 0:00:45] White is more active.} Ba3 (46... h4 $16 47. Rd8 Kh7) 47. Ra7 (47. Be5 $18) 47... Bb4 48. Ra6+ Kf7 49. Rc6 Ke7 50. Kd3 Kd7 51. Rc2 ({White should play} 51. Rh6 $16) 51... Bd6 $11 52. Ke3 Rf6 53. Rf2 {[%emt 0:01:08] Black must now prevent Bxd6.} Bxf4+ 54. Rxf4 {[%emt 0:00:07] KR-KR} Rb6 55. Rf5 Rxb3+ 56. Kf4 Ke6 {[%emt 0:04:54] ( -> ...Rf3+)} 57. Rxh5 {[%emt 0:00:14] And now Rh6+ would win.} Rf3+ $2 (57... Rb4 $14) 58. Kxg4 $18 Rd3 59. Rf5 {[%emt 0:02:01] Rf4 is the strong threat.} ({Weaker is} 59. Rh6+ Ke7 $11) 59... Rxd4+ 60. Rf4 Rb4 61. Kf3 $2 (61. h4 $18) 61... d4 $11 {[%emt 0:00:18] The position is equal.} 62. Ke4 Rxa4 63. Rf3 d3+ 64. Ke3 $1 Ra2 65. Rf4 Rxh2 66. Kxd3 Rg2 67. g4 Rg3+ 68. Kc2 Kd6 69. Rf6+ Ke5 70. Rf5+ Ke4 71. Rxa5 Rxg4 {Weighted Error Value: White=0.18 (very precise) /Black=0.30.  Loses game:     	---       	Black=2      Missed win:     	White=1     	---        Mistake:       	White=4     	Black=3      Inaccurate:     	White=5     	Black=8      OK:         	White=25    	Black=27     Best:        	White=3     	Black=6      Strong:       	White=3     	---} 1/2-1/2

[Event "ESP-ch U2000 2024"]
[Site "Albacete"]
[Date "2024.08.27"]
[Round "2.2"]
[White "Marin Lopez, Juan Jose"]
[Black "Perez Gonzalez, Daniel"]
[Result "1/2-1/2"]
[ECO "B00"]
[WhiteElo "1895"]
[BlackElo "1981"]
[Annotator "TA"]
[PlyCount "69"]
[EventDate "2024.08.27"]
[EventType "swiss"]
[EventCountry "ESP"]
[SourceTitle "playchess.com"]
[Source "ChessBase"]
[SourceQuality "1"]
[TimeControl "5400+30"]

1. e4 Nc6 2. Nf3 g6 3. d4 d6 4. d5 Nb8 5. Nc3 Bg7 6. Be3 Nf6 7. Qd2 e5 8. Bh6 {[%emt 0:13:35] White is slightly better.} Bxh6 9. Qxh6 Nbd7 10. O-O-O {[%emt 0:08:50] White is much more active.} a6 11. h3 Qe7 12. Nd2 Qf8 13. Qe3 Qg7 14. Be2 Nc5 15. b4 Ncd7 16. g4 h5 17. Rdg1 Nb6 18. Qg5 (18. g5 $16 Nh7 19. a4) 18... hxg4 $11 19. hxg4 Rxh1 20. Rxh1 Bd7 {[%emt 0:00:11] Prevents a4.} 21. f3 O-O-O 22. Qh6 Rg8 23. Qxg7 Rxg7 24. Rh8+ Rg8 25. Rh6 Rg7 26. Rh8+ Be8 27. Nc4 Nbd7 28. Kd2 Rh7 29. Rxh7 Nxh7 30. Ke3 f6 (30... b5 $11 31. Na5 Nb6) 31. a4 $14 Nhf8 32. f4 (32. a5 $14) 32... g5 {[%emt 0:00:58] [#]} (32... exf4+ $11 {keeps the balance.} 33. Kxf4 g5+ 34. Kg3 Nb6 35. Nxb6+ cxb6) 33. f5 $1 $16 Kb8 34. a5 Ka7 35. Na3 {[%emt 0:00:39] Weighted Error Value: White=0.15 (very precise) /Black=0.18 (very precise) .  Mistake:       	White=2     	Black=2      Inaccurate:     	White=6     	Black=6      OK:         	White=10    	Black=9      Strong:       	White=1     	---} 1/2-1/2

[Event "ESP-ch U2000 2024"]
[Site "Albacete"]
[Date "2024.08.27"]
[Round "2.3"]
[White "Perez Garcia, Juan Angel"]
[Black "Garcia Almeida, Aitana Maria"]
[Result "0-1"]
[ECO "B06"]
[WhiteElo "1979"]
[BlackElo "1878"]
[Annotator "TA"]
[PlyCount "100"]
[EventDate "2024.08.27"]
[EventType "swiss"]
[EventCountry "ESP"]
[SourceTitle "playchess.com"]
[Source "ChessBase"]
[SourceQuality "1"]
[TimeControl "5400+30"]

1. d4 g6 2. Nc3 Bg7 3. e4 d6 4. Be3 Nf6 5. Qd2 O-O 6. Bh6 c6 7. Bxg7 Kxg7 8. f4 e5 9. O-O-O {[%emt 0:02:02] White is slightly better.} (9. dxe5 dxe5 10. Bd3 exf4 $11) 9... exf4 10. Qxf4 d5 11. e5 Nh5 12. Qe3 Kg8 13. Be2 $36 {[%emt 0:00:59][%mdl 2048] White has good play.} Ng7 14. g4 f5 15. h3 Be6 (15... Qe7 $142) 16. Nf3 {[%emt 0:02:24] Black must now prevent Qh6.} Nd7 {[%emt 0:02:04] [#]} (16... fxg4 $2 17. hxg4 Rxf3 18. Bxf3 $18 (18. Qxf3 Qg5+ 19. Kb1 Nd7 $18)) (16... f4 $16 17. Qd2 Qe7) 17. Qh6 $1 $18 Re8 18. Ng5 Nf8 19. Rdf1 {[%emt 0:00:50] Hoping for h4.} Bd7 $2 (19... Qb6 20. Rf4 Bc8) 20. Rhg1 (20. h4 $142) 20... Qc8 $2 (20... Re7 21. Bd3 a5 22. gxf5 Bxf5 23. Bxf5 gxf5 (23... Nxf5 $2 24. Rxf5 Qc7 25. Rf6 $18)) 21. Bd3 Re7 22. e6 Bxe6 {[%emt 0:01:53] [#]} 23. Nxh7 $2 Nxh7 $14 24. gxf5 $4 (24. Qxg6 $14 {keeps the upper hand.} Bf7 25. Qh6) 24... gxf5 $2 (24... Bxf5 $19 25. Bxf5 Nxf5 (25... gxf5 26. Ne2 $17) 26. Rxg6+ Kh8) 25. Re1 (25. Ne2 $16 Qf8 26. Rxg7+ (26. Nf4 Rae8 $11) 26... Rxg7 (26... Qxg7 $2 27. Rg1 $18) 27. Qxe6+ Qf7 28. Qd6 (28. Qxf7+ Kxf7 29. Rxf5+ Ke7 $17)) 25... Qd7 $11 26. Rxg7+ $2 {[%emt 0:11:34] Black keeps a firm grip on the game.} Rxg7 $19 27. Rxe6 Rf8 28. Re5 (28. Ne2 {is a better defense.}) 28... Ng5 29. b3 Nf7 30. Qe6 Qxe6 31. Rxe6 Ng5 32. Re5 Ne4 (32... Nxh3 33. Rxf5 Rxf5 34. Bxf5 $19) (32... Nf3 33. Rxf5 Rxf5 (33... Nxd4 $2 34. Re5 $19) 34. Bxf5 $19) 33. Nd1 (33. Kb2 $142) 33... Rh7 34. Ne3 f4 (34... Rxh3 35. Nxf5 Rf6 36. Ne7+ Kf7 37. Nc8 $19) 35. Nf5 Rxh3 36. Ne7+ Kh7 37. Nf5 Rf7 38. Nd6 Rf8 (38... Rxd3 $19 39. Nxf7 Rg3 (39... Rxd4 $2 40. Re7 $19) 40. Rh5+ Kg6) 39. Bxe4+ $4 (39. Nf5 $1 $11 {and White has nothing to worry.} Kg6 40. Ne7+ Kf6 41. Nf5) 39... dxe4 40. Nxe4 $11 {[%emt 0:00:12][%mdl 4096] Endgame. aiming for Ng5+. KRR-KRN} Rh1+ 41. Kd2 Rh2+ 42. Ke1 Rxc2 {[%emt 0:00:26][%cal Of4f3] And now ...f3! would win.} 43. Ng5+ Kg6 44. Nf3 Rxa2 {[%emt 0:00:14] ...Rh8 is the strong threat.} 45. Re7 Kf5 {[%emt 0:00:42] ...Rh8 would now be deadly.} 46. Rxb7 Re8+ (46... Rh8 $142 47. Rf7+ Ke4 48. Nd2+ Kd3 (48... Kxd4 $2 49. Rxf4+ Kd3 50. Rf3+ Kc2 51. Nf1 $19) 49. Kf2 Rxd2+ (49... Kxd2 $2 50. d5 $19) 50. Kf3 Rh1 (50... Kxd4 $2 51. Rxf4+ Kd3 52. Rf7 $19) 51. d5 cxd5 52. Rf8 Rf1+ 53. Kg4 f3 54. Rxf3+ Rxf3 55. Kxf3 d4 56. b4 Rb2 57. Kg4 Ke4 (57... Rxb4 {leads to mate.} 58. Kf5 Ke3 59. Kf6 d3 60. Kg6 d2 61. Kg7 d1=Q 62. Kf6 Qd6+ 63. Kg5 Rb5+ 64. Kh4 Qh6+ 65. Kg4 Rg5#) 58. Kg5 d3 (58... Rxb4 59. Kh6 d3 60. Kh7 d2 61. Kg8 Rb7 62. Kf8 d1=Q 63. Ke8 Qh5+ 64. Kf8 Qh8#) 59. b5 d2 (59... Rxb5+ {is a self mate.} 60. Kg6 d2 61. Kg7 d1=Q 62. Kf7 Qh5+ 63. Kg8 Rb7 64. Kf8 Qh8#) 60. Kg6 Rxb5 (60... d1=R {gets mated.} 61. Kf7 Rxb5 62. Kg7 Rd7+ 63. Kf6 Rb6+ 64. Kg5 Rh7 65. Kg4 Rg6#) (60... d1=Q 61. Kf6 Qd6+ 62. Kg7 Qe7+ 63. Kh6 Kf5 64. Kh5 Qh7#) 61. Kh7 Rb6 (61... d1=R 62. Kg7 Rb7+ 63. Kg6 Rh1 64. Kg5 Rb6 65. Kg4 Rg6#) 62. Kg8 d1=Q (62... d1=R 63. Kf7 Rd7+ 64. Ke8 Rh7 65. Kf8 Rb8#) 63. Kh8 Qd7 64. Kg8 Rb8#) 47. Ne5 Rh8 {[%emt 0:00:50][%cal Rh8h1] Black mates.} 48. Rf7+ Ke6 49. Re7+ Kxe7 50. Ng6+ Kf6 {[%emt 0:00:07] Weighted Error Value: White=1.40/Black=0.94.  Loses game:     	White=3     	---        Missed win:     	White=1     	Black=1      Mistake:       	White=4     	Black=4      Inaccurate:     	White=2     	Black=2      OK:         	White=4     	Black=14     Best:        	White=2     	Black=3      Strong:       	White=1     	---} 0-1

[Event "ESP-ch U2000 2024"]
[Site "Albacete"]
[Date "2024.08.27"]
[Round "2.4"]
[White "Penarrubia Blasco, Jose Alfredo"]
[Black "Sierra Lopez, Yeray"]
[Result "1-0"]
[ECO "B24"]
[WhiteElo "1891"]
[BlackElo "1972"]
[Annotator "TA"]
[PlyCount "49"]
[EventDate "2024.08.27"]
[EventType "swiss"]
[EventCountry "ESP"]
[SourceTitle "playchess.com"]
[Source "ChessBase"]
[SourceQuality "1"]
[TimeControl "5400+30"]

1. e4 c5 2. Nc3 Nc6 3. Nf3 g6 4. Bc4 Bg7 5. d3 d6 6. h3 Nf6 7. O-O O-O 8. Nh2 e6 9. Bg5 h6 10. Bh4 {[%emt 0:01:50] Black has an edge.} g5 11. Bg3 d5 12. Bb3 Nd4 (12... dxe4 $15 13. Nxe4 (13. dxe4 b5 $15) 13... Nxe4 14. dxe4 Bxb2) 13. f4 $11 b5 14. fxg5 hxg5 15. exd5 Nxd5 16. Nxd5 (16. Qh5 {is more complex.} Nxc3 17. bxc3 Nf5 18. Rxf5 exf5 19. Nf3) 16... exd5 17. c3 Nxb3 18. axb3 f5 ({Better is} 18... a5 $1 $11) 19. Qh5 {[%emt 0:08:16] Nf3 would now be deadly.} Bd7 {[%emt 0:11:35] [#] This move loses the game for Black.} ({Black should try} 19... a5 $1 $14) 20. Nf3 $1 $18 Bf6 (20... Be8 21. Qxg5 Qxg5 22. Nxg5 Bd7) 21. Qg6+ Kh8 22. Bd6 {[%emt 0:13:26][%csl LRc5,LRf8] Prevents Qe7.} Re8 23. Rae1 c4 24. d4 Be6 {[%emt 0:11:48] [#]} 25. Nxg5 $1 {[%mdl 512] Weighted Error Value: White=0.06 (flawless) /Black=1.05.  Mistake:       	---       	Black=4      OK:         	White=8     	Black=5      Best:        	White=1     	---        Strong:       	White=1     	---} 1-0

[Event "ESP-ch U2000 2024"]
[Site "Albacete"]
[Date "2024.08.27"]
[Round "2.5"]
[White "Bricio Garcia De La Torre, Jesus"]
[Black "Sierra Pena, Mario"]
[Result "1/2-1/2"]
[ECO "C02"]
[WhiteElo "1887"]
[BlackElo "1971"]
[Annotator "TA"]
[PlyCount "195"]
[EventDate "2024.08.27"]
[EventType "swiss"]
[EventCountry "ESP"]
[SourceTitle "playchess.com"]
[Source "ChessBase"]
[SourceQuality "1"]
[TimeControl "5400+30"]

1. e4 e6 2. d4 d5 3. e5 c5 4. c3 Qb6 5. Nf3 Bd7 6. a3 Bb5 7. Bxb5+ Qxb5 8. b4 {[%emt 0:02:19] C02: French: Advance Variation.} cxd4 9. Nxd4 Qb6 10. Be3 $146 ({Predecessor:} 10. Nd2 Nc6 11. N2f3 Nge7 12. O-O Ng6 13. Re1 Rc8 14. Bb2 {½-½ Serbin,A (2010)-Malyuga,V (2010) Moscow Silent Winter 2006 (2)}) 10... Qc7 11. Qh5 g6 12. Qe2 Nc6 13. f4 Nxd4 14. Bxd4 Ne7 15. Ra2 h5 16. Rc2 a5 17. c4 (17. O-O $11 {keeps the balance.}) 17... Rc8 $17 18. c5 axb4 19. axb4 Nf5 (19... Nc6 $15 20. Bc3 b6) 20. Bf2 $11 b6 21. Qb5+ Qc6 22. Qxc6+ Rxc6 23. b5 Rc8 $2 (23... Rxc5 $11 {and Black is okay.} 24. Bxc5 Bxc5) 24. c6 $18 d4 25. Nd2 (25. Ra2 $18) 25... Ra8 $16 26. O-O Bb4 (26... Kd8 $16) 27. Nc4 $18 Bc5 28. Nd6+ Ke7 29. Nb7 Bb4 30. Be1 $2 (30. Rd1 $18 Bc3 31. Nd6) 30... Bxe1 $11 31. Rxe1 Ra4 32. Rd2 Rha8 33. Red1 Rb4 34. Nd6 Nxd6 35. exd6+ Kxd6 36. Rxd4+ Rxd4 37. Rxd4+ Kc5 38. Rd7 $1 Kxb5 (38... Rc8 {simplifies} 39. Rxf7 Kxb5 40. Rf6 Rxc6 41. Rxg6 Ka5) 39. c7 {[%emt 0:00:17] [#]} Kc6 (39... Rc8 $1 $17 {White must now prevent ...Kc6.} 40. Rxf7 Ka4) 40. Rxf7 $11 Rc8 41. Rf6 Kd7 42. Rxg6 Rxc7 43. f5 Rc6 44. fxe6+ Rxe6 45. Rg5 Rh6 46. Kf2 Kc6 47. Ke3 h4 48. h3 Rh8 49. Rg4 Kc5 50. Kd3 b5 51. Kc3 Rh5 52. Kb3 Re5 53. Kc3 Re3+ 54. Kd2 Ra3 55. Kc2 Ra4 56. Rg5+ Kb6 57. Kb3 Re4 58. Rg8 Re3+ 59. Kb4 Re4+ 60. Kb3 Kc5 61. Rg5+ Kb6 62. Rg8 Rf4 63. Kc3 Rc4+ 64. Kb3 Re4 65. Kc3 Ka5 66. Ra8+ Kb6 67. Rg8 Rc4+ 68. Kb3 Re4 69. Kc3 Ra4 70. Kb3 Rf4 71. Kc3 Kc5 72. Rg5+ Kb6 73. Rg8 Rc4+ 74. Kb3 Rf4 75. Kc3 Re4 76. Kb3 Kc5 77. Rg5+ Kd4 78. Rxb5 Ke3 79. Rg5 Kf2 80. Kc3 Re3+ 81. Kd2 Rg3 82. Rxg3 hxg3 83. h4 Kxg2 84. h5 $1 Kf3 (84... Kf1 $5 85. h6 $8 g2 $11) 85. h6 g2 86. h7 g1=Q 87. h8=Q Qg2+ 88. Kd3 Qg6+ 89. Kc4 Qa6+ 90. Kb3 Qb5+ 91. Kc2 Qa4+ 92. Kb1 Qd1+ 93. Ka2 Qd5+ 94. Kb1 Qb3+ 95. Qb2 Qd3+ 96. Ka2 Qd5+ 97. Qb3+ Qxb3+ 98. Kxb3 1/2-1/2

[Event "ESP-ch U2000 2024"]
[Site "Albacete"]
[Date "2024.08.27"]
[Round "2.6"]
[White "Lopez Ruiz, Jarein"]
[Black "Hurtado Oldridge, Felipe"]
[Result "1/2-1/2"]
[ECO "B31"]
[WhiteElo "1970"]
[BlackElo "1873"]
[Annotator "TA"]
[PlyCount "95"]
[EventDate "2024.08.27"]
[EventType "swiss"]
[EventCountry "ESP"]
[SourceTitle "playchess.com"]
[Source "ChessBase"]
[SourceQuality "1"]
[TimeControl "5400+30"]

1. e4 c5 2. Nf3 Nc6 3. Bb5 g6 4. Bxc6 bxc6 5. O-O Bg7 6. Re1 e5 7. c3 d6 (7... Ne7 $11) 8. d4 $16 cxd4 9. cxd4 Bg4 {[%emt 0:00:35] White is better.} 10. dxe5 Bxe5 (10... dxe5 $142 11. Qe2 Nf6) 11. Nbd2 Qf6 (11... Kf8 $16 {was necessary.} 12. Nc4 Qe7) 12. Qc2 $18 Ne7 13. Nxe5 dxe5 14. b3 g5 15. Ba3 {[%emt 0:05:23] Qc5 is the strong threat.} O-O 16. Bxe7 Qxe7 17. Qxc6 Rac8 18. Qh6 (18. Qa6 $16) 18... Rfd8 $11 19. Nf3 Bxf3 20. gxf3 Rd6 21. Qh3 Rc2 22. Rec1 Rdd2 (22... Rb2 $11) 23. Rxc2 $14 Rxc2 {[%emt 0:00:02][%mdl 4096] Endgame. KQR-KQR} 24. Qf5 (24. Rd1 $14) 24... h6 $11 25. b4 Qd6 {[%emt 0:10:51] Repels Rd1} 26. a3 Rxf2 {[%emt 0:02:16] Strongly threatening ...Qd2.} 27. Kxf2 Qd4+ 28. Kg2 Qb2+ 29. Kg3 Qxa1 {[%emt 0:00:04] KQ-KQ} 30. Qc8+ Kg7 31. Qc5 Qb2 32. Qxa7 h5 {[%emt 0:00:20] ( -> ...h4+)} 33. Qc5 Qa1 34. b5 h4+ $2 (34... Qe1+ $11 35. Kg2 Qe2+ 36. Kg1 Qe1+ 37. Kg2 Qe2+ 38. Kg1 Qe1+ 39. Kg2) 35. Kg2 $2 (35. Kg4 $18) 35... Qb2+ 36. Qf2 Qxa3 37. Qd2 Kg6 38. b6 f6 39. b7 Qb3 40. Qd5 Qc2+ 41. Kh3 Qf2 $2 (41... Qe2 $11 {and Black stays safe.} 42. Qg8+ (42. b8=B $2 Qxf3#) 42... Kh6 43. Qf8+ (43. b8=B $2 Qxf3#) 43... Kg6 44. Qg8+ (44. b8=B $2 Qxf3#) 44... Kh6 45. Qf8+ (45. b8=B $2 Qxf3#) 45... Kg6 46. Qg8+ (46. b8=B $2 Qxf3#)) 42. Qg8+ (42. b8=B $2 Qxf3#) 42... Kh6 {[%emt 0:00:01][%cal Rf2f3] [#]} 43. Qf8+ $2 (43. b8=B $2 Qxf3#) (43. Qb3 $1 $18 Kg6 44. Qd3 (44. b8=R $2 Qf1+ 45. Kg4 Qg2#) (44. Qg8+ Kh6 $18) 44... g4+ 45. fxg4) 43... Kg6 44. Qe8+ (44. b8=B $2 Qxf3#) 44... Kh6 $2 (44... Kg7 $1 $11 45. Qe7+ (45. b8=B $2 Qxf3#) 45... Kg6 46. Qe8+ (46. b8=B $2 Qxf3#) 46... Kg7 47. Qe7+ (47. b8=B $2 Qxf3#) 47... Kg6 48. Qe8+ (48. b8=B $2 Qxf3#)) 45. Qf8+ $2 (45. b8=B $2 Qxf3#) (45. Kg4 $18 {Intending Qh5+ and mate.} Qg2+ 46. Kf5 Qxf3+ 47. Ke6 Qb3+ 48. Kxf6 Qb6+ 49. Qe6 (49. Kxe5 Qb2+ 50. Kd6 Qxb7 $11) (49. Kf5 Qf2+ 50. Ke6 Qb6+ 51. Kf5 Qf2+ 52. Kxe5 Qb2+ 53. Kd6 Qxb7 $11) 49... Qxb7 50. Kf5+ (50. Kxe5+ Kh5 $11) (50. Qxe5 Qg7+ 51. Ke6 g4 $17) 50... Kh7 51. Qg6+ (51. Kxg5 Qxe4 52. Qf7+ Kh8 $11) (51. Kxe5 Qg7+ 52. Kf5 g4 $11) (51. Qxe5 h3 $16) 51... Kh8 52. Qh6+ (52. Qxg5 Qd7+ 53. Kxe5 Qc7+ 54. Ke6 Qxh2 $11) (52. Kxg5 Qb2 $16) (52. Kxe5 Qb8+ 53. Kf6 Qd8+ 54. Kf5 Qd7+ 55. Kxg5 Qd2+ 56. Kg4 Qg2+ 57. Kh5 Qxh2 $11) 52... Kg8 53. Qxg5+ Kf8 54. Qf6+ (54. Qxh4 Qd7+ 55. Kxe5 Qb5+ 56. Kf4 Qf1+ 57. Ke3 Qc1+ 58. Kf3 Qh1+ 59. Kf2 Qc1 $18) (54. Kxe5 Qb2+ 55. Kf5 Qxh2 $11) 54... Kg8 55. Qxe5) 45... Kg6 46. Qg8+ $2 (46. b8=B $2 Qxf3#) (46. Qe8+ $11 Kg7 47. Qd7+ (47. b8=B $2 Qxf3#) 47... Kh6 48. Qd1 (48. b8=B $2 Qxf3#)) 46... Kh6 $18 {[%emt 0:01:38][%cal Rf2f3] [#]} 47. Qb3 (47. b8=B $2 Qxf3#) 47... Kg6 48. Qd3 {[%mdl 32768] Inhibits Qf1+.   Weighted Error Value: White=0.35/Black=0.51.  Loses game:     	---       	Black=3      Missed win:     	White=3     	---        Mistake:       	White=3     	Black=3      Inaccurate:     	White=2     	Black=1      OK:         	White=12    	Black=15     Best:        	White=1     	Black=7     . An unexpected result.} (48. b8=R $2 {gets mated.} Qf1+ 49. Kg4 Qg2#) ({Weaker is} 48. Qg8+ Kh6 $16) 1/2-1/2

[Event "ESP-ch U2000 2024"]
[Site "Albacete"]
[Date "2024.08.27"]
[Round "2.7"]
[White "Ruiz de Leon Merlo, Esther"]
[Black "Tarraga Navarro, Pablo"]
[Result "0-1"]
[ECO "C02"]
[WhiteElo "1877"]
[BlackElo "1968"]
[Annotator "TA"]
[PlyCount "72"]
[EventDate "2024.08.27"]
[EventType "swiss"]
[EventCountry "ESP"]
[SourceTitle "playchess.com"]
[Source "ChessBase"]
[SourceQuality "1"]
[TimeControl "5400+30"]

1. e4 e6 2. d4 d5 3. e5 c5 4. c3 Qb6 5. Nf3 Nc6 6. Bd3 cxd4 7. O-O Bd7 8. Re1 Nge7 9. h4 {[%emt 0:02:30] Black has an edge.} h5 (9... h6 $15) 10. Nbd2 $11 dxc3 11. bxc3 Nf5 12. Bxf5 exf5 13. Nb3 Be6 14. Nbd4 a6 15. Qc2 Nxd4 16. Nxd4 Rc8 {[%emt 0:02:34][%cal Ob6d4] [#] ...Qxd4! is the strong threat.} 17. Nxf5 Bxf5 18. Qxf5 Qe6 19. Qd3 Be7 20. g3 O-O 21. Be3 Rc4 22. Bd4 b5 23. Qd1 g6 24. a4 b4 25. Re3 (25. cxb4 $15 Bxb4 26. Re3) 25... bxc3 {[%emt 0:00:57] Black is more active.} 26. Rxc3 Rxc3 (26... Rfc8 $17 27. Rd3 Bc5) 27. Bxc3 Rc8 28. Bd4 Rc4 29. f4 $2 {[%emt 0:03:52][%mdl 8192] This move loses the game for White.} (29. Rb1 $11 {and White has nothing to worry.}) 29... Qc6 {[%emt 0:04:10][%cal Oc4d4] [#] Strongly threatening ...Rxd4!} 30. Kf1 $2 (30. Bf2) 30... Bc5 $19 31. Bxc5 Rxc5 $2 {[%emt 0:00:02] KQR-KQR} (31... Qxc5 32. Rb1 Rc2) 32. Qd4 $2 (32. e6 Qxe6 33. Rc1 Rxc1 (33... Qh3+ 34. Kf2 $17) 34. Qxc1) 32... Rc4 33. Qa7 d4 {[%emt 0:01:38] Black mates.} ({Weaker is} 33... Rxa4 34. Rxa4 Qxa4 35. e6 fxe6 36. Qe7 $17) 34. Ra3 Rc1+ 35. Kf2 Qc2+ 36. Kf3 Rf1# {Weighted Error Value: White=0.87/Black=0.27 (precise) .  Loses game:     	White=1     	---        Mistake:       	White=2     	Black=2      Inaccurate:     	White=2     	Black=2      OK:         	White=6     	Black=9      Best:        	---       	Black=3} 0-1

[Event "ESP-ch U2000 2024"]
[Site "Albacete"]
[Date "2024.08.27"]
[Round "2.8"]
[White "Sala Esquiva, Miguel"]
[Black "Demerson Joly, Javier"]
[Result "1-0"]
[ECO "D00"]
[WhiteElo "1967"]
[BlackElo "1870"]
[Annotator "TA"]
[PlyCount "59"]
[EventDate "2024.08.27"]
[EventType "swiss"]
[EventCountry "ESP"]
[SourceTitle "playchess.com"]
[Source "ChessBase"]
[SourceQuality "1"]
[TimeControl "5400+30"]

1. d4 d5 2. Bf4 c5 3. e3 Nc6 4. Nf3 cxd4 5. exd4 Bg4 6. c3 Qb6 7. Nbd2 e6 8. Qb3 {[%emt 0:02:43] White is slightly better.} Qxb3 9. axb3 Bxf3 10. Nxf3 Nf6 11. b4 Be7 12. b5 Nd8 (12... Nb8 $142) 13. b6 (13. Bd3 $16) 13... a6 {[%emt 0:00:16] Black is weak on the dark squares} ({Black should play} 13... Nc6 $14) 14. Bb5+ $16 Kf8 15. Ke2 Ne4 16. Ne5 f6 17. Nd3 g5 (17... Nd6 $16 18. Bd7 g5) 18. f3 $2 (18. Bc7 $18) 18... Nd6 (18... Nxc3+ $1 $11 19. bxc3 gxf4) 19. Bxd6 $14 Bxd6 20. Ra5 ({Better is} 20. h4 $14) 20... Rc8 21. Bd7 $36 {[%emt 0:00:37][%cal Bb5d7,Bd7a4,Ba4b3][%mdl 2080] White has some pressure.} Rb8 22. Nc5 {[%emt 0:03:33] White has more active pieces.} Ke7 {[%emt 0:03:10] [#] White must now prevent ...Bxc5.} 23. Ba4 Bxc5 24. Rxc5 Kd6 (24... Nc6 $142) 25. Ra1 (25. h4 $16 {And now Rc7 would win.} h5 26. Rc7) 25... e5 26. Bb3 exd4 ({Black should try} 26... Ne6 $1 $14 27. Rxd5+ Kc6) 27. cxd4 $16 (27. Rxd5+ Kc6 28. cxd4 (28. Rxd4 Kxb6 29. Rd6+ Nc6 $18) 28... Rf8) 27... Ne6 28. Rxd5+ Kc6 $2 (28... Ke7 $16) 29. Rc1+ $18 Kxb6 {[%emt 0:00:07] [#] Threatens to win with ...Nf4+.} 30. Rd6+ {[%emt 0:00:04] Weighted Error Value: White=0.43/Black=0.54.  Loses game:     	---       	Black=1      Missed win:     	White=1     	---        Mistake:       	White=3     	Black=6      Inaccurate:     	White=2     	Black=6      OK:         	White=5     	Black=4      Best:        	White=4     	Black=2} 1-0

[Event "ESP-ch U2000 2024"]
[Site "Albacete"]
[Date "2024.08.27"]
[Round "2.9"]
[White "Mateos Atienza, Alberto"]
[Black "Sanjuan Garcia, Miguel"]
[Result "0-1"]
[ECO "B21"]
[WhiteElo "1867"]
[BlackElo "1963"]
[Annotator "TA"]
[PlyCount "50"]
[EventDate "2024.08.27"]
[EventType "swiss"]
[EventCountry "ESP"]
[SourceTitle "playchess.com"]
[Source "ChessBase"]
[SourceQuality "1"]
[TimeControl "5400+30"]

1. e4 c5 2. d4 cxd4 3. c3 Nf6 4. e5 Nd5 5. cxd4 e6 6. Nf3 b6 7. Nc3 Nxc3 8. bxc3 Qc7 9. Bd2 Bb7 10. Bd3 d6 11. O-O Nd7 12. Qe2 dxe5 13. Nxe5 Nxe5 14. dxe5 {[%emt 0:00:04] The position is equal.} (14. Bf4 $5) 14... Be7 15. Bb5+ Bc6 16. a4 O-O 17. f4 g6 18. Bxc6 Qxc6 19. Rf3 Rac8 20. Rh3 Rfd8 21. Be1 Qc4 22. Qf3 (22. Qxc4 $17 Rxc4 23. Rf3) 22... Rd7 $19 23. Bf2 Rcd8 24. Bd4 $2 {[#]} (24. Re1) 24... Rxd4 25. cxd4 Qxd4+ {[%emt 0:00:25] White got outplayed after the opening.   Weighted Error Value: White=1.10/Black=0.08 (flawless) .  Mistake:       	White=2     	---        Inaccurate:     	White=6     	Black=1      OK:         	White=1     	Black=5      Best:        	---       	Black=1} 0-1